 Dungeon Crawl Stone Soup version 0.20.1 (webtiles) character file.

44 Sunburn the Firebug (level 3, 26/26 HPs)
             Began as a Demonspawn Fire Elementalist on July 2, 2017.
             Got out of the dungeon alive.
             The game lasted 00:07:18 (2791 turns).

Sunburn the Firebug (Demonspawn Fire Elementalist)  Turns: 2791, Time: 00:07:19

Health: 26/26      AC:  2    Str:  8    XL:     3   Next: 41%
Magic:  6/6        EV: 12    Int: 17    God:
Gold:   24         SH:  0    Dex: 13    Spells: 0/6 levels left

rFire    . . .     SeeInvis .   d - +0 dagger
rCold    . . .     Gourm    .   (no shield)
rNeg     . . .     Faith    .   a - +0 robe
rPois    .         Spirit   .   (no helmet)
rElec    .         Reflect  .   (no cloak)
rCorr    .         Harm     .   (no gloves)
MR       .....                  (no boots)
Stlth    +++.......             (no amulet)
Regen    0.1/turn               (no ring)
MPRegen  0.1/turn               (no ring)

@: no status effects
A: nightstalker 1
a: no special abilities


You escaped.
You were not hungry.

You visited 1 branch of the dungeon, and saw 2 of its levels.

You collected 24 gold pieces.

Inventory:

Hand Weapons
 d - a +0 dagger (weapon)
 j - a +0 club
Missiles
 g - 5 tomahawks (quivered)
Armour
 a - a +0 robe (worn)
Jewellery
 c - an uncursed amulet of regeneration {unknown}
 e - an uncursed amulet of guardian spirit
Scrolls
 i - a scroll of immolation {unknown}
Books
 b - a book of Flames

   Spells                             Type                      Level
   a - Flame Tongue                   Conjuration/Fire             1
   b - Throw Flame                    Conjuration/Fire             2
   c - Conjure Flame                  Conjuration/Fire             3
   d - Inner Flame                    Hexes/Fire                   3
   e - Sticky Flame                   Conjuration/Fire             4
   f - Fireball                       Conjuration/Fire             5
Comestibles
 h - 2 meat rations


   Skills:
 * Level 1.3 Fighting
 - Level 1.7 Dodging
 * Level 1.7 Stealth
 * Level 2.2 Spellcasting
 * Level 1.5 Conjurations
 * Level 3.4 Fire Magic


You couldn't memorise any spells.
You knew the following spells:

 Your Spells              Type           Power        Failure   Level  Hunger
a - Flame Tongue          Conj/Fire      ##...        7%          1    #......
b - Throw Flame           Conj/Fire      ##....       11%         2    ###....
c - Conjure Flame         Conj/Fire      ##......     21%         3    ###....


Dungeon Overview and Level Annotations

Branches:
Dungeon (2/15)

Altars:

Annotations:
D:2 Jessica


Innate Abilities, Weirdness & Mutations

You are slightly more attuned to the shadows.


Message History

There is a shaft here.
All of the chunks of flesh in your inventory have rotted away.
There is an open door here.
There is an open door here.
There is a dry fountain here.
There is an open door here.
There is an open door here.
There is an open door here.
There is an open door here.
A goblin comes into view.
There is an open door here.
You can't go up here!
There is an open door here.
There is a staircase leading out of the dungeon here.
Are you sure you want to leave the Dungeon?
This will make you lose the game! [Y]es or [N]o only, please.
Are you sure you want to leave the Dungeon?
This will make you lose the game!
Uppercase [Y]es or [N]o only, please.
Are you sure you want to leave the Dungeon?
This will make you lose the game!
You have escaped!

#################
#...#...#...#...#
#.⌠.'...'.⌠.#...#
#...#...#...#...#
####'###########'##
#.#...#...#...#...#
#.#...'...'.@.#...#
#.#...#...#...#...#
#.##'#######'###'##
#####.#...#...#g..#...#
......#...'g..'.⌠.#.⌠.#
###..##...#...#...#...#
#.#..##'###########'##
##..##...#...#...#...#
#..##...'...'.⌠.'.⌠.#


You could see a goblin.

Vanquished Creatures
  An adder (D:2)
  2 worms (D:2)
  A dart slug (D:1)
  4 bats
  2 giant cockroaches (D:1)
  2 goblins
  3 hobgoblins (D:1)
  A jackal (D:2)
  3 kobolds (D:1)
  7 frilled lizards
  3 rats (D:1)
29 creatures vanquished.

Notes
Turn   | Place    | Note
-------+----------+-------------------------------------------
     0 | D:1      | Sunburn the Demonspawn Fire Elementalist began the quest for the Orb.
     0 | D:1      | Reached XP level 1. HP: 13/13 MP: 3/3
   425 | D:1      | Reached skill level 3 in Fire Magic
   543 | D:1      | Gained mutation: You are slightly more attuned to the shadows. [demonic ancestry]
   543 | D:1      | Reached XP level 2. HP: 20/20 MP: 5/5
   654 | D:1      | Learned a level 2 spell: Throw Flame
  1342 | D:1      | Reached skill level 1 in Fighting
  1957 | D:2      | Reached XP level 3. HP: 2/26 MP: 0/6
  2261 | D:1      | Learned a level 3 spell: Conjure Flame
  2688 | D:2      | Noticed Jessica
  2791 | D:$      | Got out of the dungeon alive.

Skill      XL: |  1  2 |
---------------+-------+-----
Fire Magic     | 3 |  3.4
Fighting       | 1 |  1.3
Dodging        | |  1.7
Stealth        | |  1.7
Spellcasting   | |  2.2
Conjurations   | |  1.5

Action                   || total
-------------------------++-------
Melee: Unarmed           ||    37
       Club              ||    76
       Dagger            ||    18
Throw: Tomahawk          ||    10
 Cast: Flame Tongue      ||    19
       Throw Flame       ||    13
  Use: Scroll            ||     1
       Potion            ||     1
 Stab: Sleeping          ||     6
  Eat: Chunk             ||     3
       Bread ration      ||     1
Armor: Robe              ||    21
       Skin              ||    26
Dodge: Dodged            ||   112
